Map: King's Cove LE

Players

NORTHAMERICA - Winner!

  • Race: Protoss Protoss
  • League: Grandmaster
  • Spawn Location: 5:00

Byunisbest

  • Race: Terran Terran
  • League: Master
  • Spawn Location: 11:00

VOD

Have the link to the VOD?

Description

Time

  • Played on: Feb. 25, 2019, 1:35 a.m.
  • Length: 9:33
Show
View Real Time Build Order
Export as new Build Order

NORTHAMERICA Protoss - Winner!

Build Orders: 1 Gate Expand 

Get SALT Encoding   

  12  0:01  Probe  
  13  0:13  Probe  
  14  0:19  Pylon  
  14  0:25  Probe  
  15  0:35  Probe  
  15  0:38  Gateway  
  16  0:43  Probe  
  16  0:48  Assimilator  
  17  0:51  Probe  
  18  1:03  Probe  
  19  1:15  Probe  
  20  1:28  Nexus  
  20  1:37  Cybernetics Core  
  20  1:39  Probe  
  21  1:51  Probe, Assimilator  
  22  2:03  Pylon  
  22  2:05  Probe  
  23  2:11  Adept  
  23  2:15  Warp Gate  
  23  2:21  Probe  
  26  2:31  Robotics Facility  
  26  2:32  Stalker  
  26  2:33  Probe  
  29  2:44  Probe  
  29  2:46  Probe  
  31  2:53  Probe  
  31  2:58  Probe  
  33  3:01  Probe  
  34  3:10  Probe x2  
  36  3:20  Robotics Bay  
  36  3:22  Probe  
  36  3:23  Probe  
  36  3:24  Warp Prism  
  40  3:34  Probe, Gateway  
  40  3:37  Gateway  
  40  3:40  Probe  
  42  3:46  Probe  
  43  3:52  Probe  
  43  3:53  Pylon  
  43  3:55  Assimilator  
  44  3:57  Pylon  
  44  3:59  Probe, Gravitic Drive  
  44  4:00  Disruptor  
  45  4:09  Probe  
  46  4:13  Zealot  
  46  4:15  Probe  
  52  4:19  Pylon  
  52  4:21  Probe  
  53  4:27  Probe  
  53  4:30  Pylon  
  54  4:33  Probe  
  54  4:34  Sentry  
  57  4:39  Disruptor  
  57  4:41  Stalker  
  57  4:42  Stalker  
  64  4:49  Assimilator  
  64  4:52  Forge  
  64  4:55  Probe  
  65  5:01  Probe  
  65  5:04  Pylon  
  66  5:08  Probe  
  66  5:13  Zealot x2  
  66  5:14  Zealot  
  69  5:25  Probe  
  69  5:26  Probe, Disruptor  
  65  5:33  Protoss Ground Weapons Level 1  
  65  5:38  Probe  
  69  5:43  Nexus  
  69  5:44  Pylon  
  69  5:46  Gateway  
  69  5:50  Gateway  
  69  5:51  Sentry  
  69  5:54  Zealot  
  69  5:56  Extended Thermal Lance  
  73  6:09  Stalker, Disruptor  
  75  6:19  Probe  
  75  6:23  Twilight Council  
  75  6:25  Pylon  
  76  6:26  Pylon, Colossus  
  76  6:27  Stalker  
  76  6:31  Probe  
  79  6:38  Probe  
  75  6:43  Probe  
  82  6:50  Probe  
  82  6:54  Zealot x2, Blink, Gateway  
  87  7:00  Photon Cannon  
  87  7:03  Shield Battery  
  87  7:05  Probe  
  88  7:09  Probe  
  88  7:10  Probe  
  90  7:17  Probe  
  90  7:19  Stalker  
  90  7:20  Stalker  
  90  7:22  Colossus  
  95  7:29  Probe  
  102  7:36  Adept x2  
  98  7:47  Adept x3  
  96  7:56  Pylon x2  
  96  7:57  Pylon  
  96  8:05  Adept x3  
  92  8:07  Disruptor  
  92  8:09  Pylon  
  92  8:12  Shield Battery  
  92  8:14  Stalker  
  92  8:15  Shield Battery  
  92  8:18  Adept  
  92  8:19  Adept  
  85  8:32  Stalker x4  
  85  8:33  Stalker  
  93  8:35  Disruptor  
  89  8:50  Stalker  
  89  8:55  Probe  
  92  8:56  Probe  
  92  9:00  Probe  
  92  9:02  Assimilator  
  92  9:03  Assimilator  
  92  9:04  Sentry  
  92  9:06  Stalker x3  
  92  9:07  Photon Cannon  
  92  9:08  Photon Cannon  
  92  9:09  Pylon  
Show
View Real Time Build Order
Export as new Build Order

Byunisbest Terran 

Build Orders: Gas First Reaper Expand 

Get SALT Encoding   

  12  0:00  SCV  
  13  0:13  SCV  
  14  0:18  Supply Depot  
  14  0:25  SCV  
  15  0:29  Refinery  
  15  0:39  SCV  
  16  0:46  Barracks  
  16  0:52  SCV  
  17  1:04  SCV  
  18  1:16  SCV  
  19  1:32  Orbital Command, Reaper  
  20  1:47  Command Center  
  20  1:59  Factory  
  20  2:01  SCV  
  21  2:07  Refinery  
  21  2:10  Barracks Reactor  
  21  2:13  SCV  
  22  2:19  Supply Depot  
  22  2:25  SCV  
  23  2:41  SCV  
  24  2:44  Factory Tech Lab  
  24  2:46  Marine x2  
  26  2:53  SCV  
  26  2:57  Barracks  
  27  2:59  SCV  
  27  3:03  Cyclone  
  31  3:09  Marine x2  
  33  3:15  SCV  
  33  3:18  Orbital Command  
  34  3:27  Marine, SCV  
  34  3:28  Marine  
  37  3:39  SCV, Supply Depot  
  37  3:41  Starport  
  38  3:47  SCV  
  39  3:51  Marine x2, SCV  
  39  3:53  Factory Reactor  
  41  3:59  Barracks  
  41  4:01  SCV  
  42  4:05  Marine, Stimpack  
  42  4:09  SCV  
  44  4:13  SCV  
  44  4:15  Engineering Bay  
  45  4:17  Marine  
  45  4:18  Marine  
  45  4:21  SCV  
  48  4:24  Marine  
  48  4:25  SCV  
  48  4:31  Supply Depot, Refinery  
  50  4:34  SCV  
  50  4:36  Marine  
  50  4:37  SCV  
  53  4:39  Factory Tech Lab  
  53  4:41  Supply Depot  
  53  4:50  SCV, Barracks Reactor  
  53  4:52  SCV, Medivac x2  
  59  4:59  Terran Infantry Weapons Level 1  
  59  5:00  Missile Turret  
  59  5:02  SCV  
  59  5:05  Siege Tank  
  63  5:07  Marine  
  63  5:15  SCV  
  55  5:23  Marine x2  
  55  5:25  Marine  
  55  5:27  SCV  
  58  5:28  SCV  
  58  5:29  Marine x2  
  61  5:35  Viking  
  61  5:39  SCV  
  61  5:41  Marine  
  65  5:50  SCV  
  65  5:53  Marauder, Combat Shield  
  65  5:55  Marauder  
  70  6:03  Marine  
  69  6:04  Widow Mine x2  
  69  6:05  SCV  
  69  6:06  Liberator  
  69  6:07  Liberator, SCV  
  69  6:09  Supply Depot  
  71  6:13  Concussive Shells  
  74  6:29  SCV  
  73  6:41  Marine x2  
  73  6:42  Marine  
  73  6:44  Marauder  
  73  6:45  SCV x2  
  80  6:48  Supply Depot  
  80  6:51  Widow Mine  
  80  6:53  Widow Mine  
  84  7:07  Medivac  
  86  7:09  Marine, Medivac  
  86  7:10  Marauder  
  86  7:11  SCV  
  86  7:14  SCV  
  93  7:23  Supply Depot  
  93  7:38  Widow Mine  
  93  7:44  Marine x2, Marauder  
  88  7:45  Marine  
  88  7:46  Viking  
  95  8:03  Marauder  
  87  8:06  Marine x3  
  87  8:07  Viking  
  87  8:09  SCV, Widow Mine x2  
  97  8:18  SCV  
  98  8:21  SCV  
  98  8:24  Marauder  
  101  8:30  SCV  
  101  8:32  Marine x2  
  101  8:33  Marauder  
  102  8:40  Widow Mine  
  102  8:43  Widow Mine  
  77  8:55  Marine  
  77  8:56  Marine, Marauder  
  77  8:58  Marine  
  77  8:59  Viking x2  
  77  9:01  SCV  
  85  9:07  SCV  
  86  9:13  Marine x2  
Tags
 
Add a new tag
Caveats
  • Supply blocks, unpowered buildings, or Contaminate may cause inaccurate times.
  • Supply counts are checked every 10 seconds.